 Dungeon Crawl Stone Soup version 0.21.1-1-g345015f (webtiles) character file.

352904 rlgrobin the Brawler (level 21, -14/210 HPs)
             Began as a Troll Chaos Knight on June 26, 2018.
             Killed by the air
             ... invoked by a titan
              (33 damage)
             ... on level 5 of the Vaults on June 28, 2018.
             The game lasted 04:58:35 (39351 turns).

rlgrobin the Brawler (Troll Chaos Knight)          Turns: 39351, Time: 04:58:58

Health: -14/210    AC: 19    Str: 27    XL:     21   Next: 32%
Magic:  0/20       EV: 11    Int:  8    God:    Xom [.....*]
Gold:   252        SH: 20    Dex: 12    Spells: 18/20 levels left

rFire    . . .     SeeInvis +     - Unarmed
rCold    + + +     Gourm    +   j - +0 large shield of the Present {rPois MR+ Regen+}
rNeg     . . .     Faith    .   t - +1 gold dragon scales
rPois    +         Spirit   +   s - +2 hat {MR+}
rElec    +         Reflect  .   T - scarf {repulsion}
rCorr    .         Harm     .   (gloves unavailable)
MR       +++..                  (boots unavailable)
Stlth    ..........             z - amulet of guardian spirit
HPRegen  1.25/turn              R - +4 ring of evasion
MPRegen  0.17/turn              U - ring of Xotedupp {Ice Str-3 Slay+6 SInv}

@: heavily drained, repel missiles
A: large, unfitting armour, claws 3, cold resistance 1, deformed body, fast
metabolism 3, gourmand, mutation resistance 1, regeneration 1, shaggy fur 1,
electricity resistance, tough skin 2, sturdy frame 1
}: 2/15 runes: decaying, serpentine
a: Renounce Religion


You were on level 5 of the Vaults.
You worshipped Xom.
You were Xom's teddy bear.
You were completely stuffed.

You visited 6 branches of the dungeon, and saw 35 of its levels.
You visited 1 bazaar.
You also visited: Labyrinth, Bailey and Ice Cave.

You collected 3764 gold pieces.
You spent 3512 gold pieces at shops.


Innate Abilities, Weirdness & Mutations

You are too large for most types of armour.
You have claws for hands.
Your metabolism is lightning-fast.
You like to eat raw meat.
Your natural rate of healing is unusually fast.
You are covered in fur. (AC +1)
You have very tough skin. (AC +2)
Your flesh is cold resistant. (rC+)
Armour fits poorly on your strangely shaped body.
You are somewhat resistant to further mutation.
You are resistant to electric shocks. (rElec)
Your movements are slightly less encumbered by armour. (ER -2)


   Skills:
 - Level 13.3(11.4) Fighting
 - Level 6.0(4.4) Throwing
 + Level 15.9(13.9) Armour
 - Level 9.1(7.5) Dodging
 - Level 5.9(4.3) Stealth
 - Level 15.6(13.7) Shields
 - Level 18.0(15.9) Unarmed Combat


You had 18 spell levels left.
You knew the following spells:

 Your Spells              Type           Power        Failure   Level  Hunger
z - Song of Slaying       Chrm           #.......     100%        2    ###....

Inventory:

Missiles
 d - 42 large rocks {=f}
 y - a throwing net {=f}
 Z - 15 javelins (quivered)
Armour
 j - the +0 large shield of the Present (worn) {rPois MR+ Regen+}

   It protects you from poison.
   It affects your resistance to hostile enchantments.
   It increases your rate of regeneration.
 s - a +2 hat of magic resistance (worn)
 t - +1 gold dragon scales (worn)
 w - +4 storm dragon scales {Bai Suzhen}
 T - a scarf of repulsion (worn)
Jewellery
 r - an uncursed ring of positive energy
 z - an amulet of guardian spirit (around neck)
 E - an uncursed ring of protection from fire
 R - a +4 ring of evasion (left claw)
 U - the ring of Xotedupp (right claw) {Ice Str-3 Slay+6 SInv}

   [ring of ice]

   It enhances your ice magic.
   It affects your strength (-3).
   It affects your accuracy and damage with ranged weapons and melee attacks
   (+6).
   It makes you vulnerable to fire.
   It protects you from cold.
   It lets you see invisible.
 V - an uncursed ring of resist corrosion
Wands
 a - a wand of digging (37)
 h - a wand of disintegration (46)
 o - a wand of paralysis (19)
 C - a wand of iceblast (44)
 L - a wand of acid (14)
 N - a wand of clouds (4)
Scrolls
 c - 9 scrolls of remove curse
 g - 3 scrolls of magic mapping
 k - 5 scrolls of immolation {!r}
 m - 11 scrolls of teleportation {@r4}
 p - 2 scrolls of fog
 q - 2 scrolls of fear
 D - 3 scrolls of holy word
 H - 3 scrolls of blinking
 K - 12 scrolls of identify {@r1}
 Y - a scroll of summoning
Potions
 e - 2 potions of haste {@q3}
 f - 3 potions of might
 i - 7 potions of curing {@q1}
 v - 2 potions of cancellation
 I - a potion of magic
 M - a potion of ambrosia
 P - a potion of invisibility
Miscellaneous
 n - a lightning rod (4/4) {!a}
 W - 2 phantom mirrors
Comestibles
 b - 55 rations
 u - a chunk of flesh

Dungeon Overview and Level Annotations

Branches:
Dungeon (15/15)            Temple (0/1) D:5            Lair (6/6) D:8
  Swamp (4/4) Lair:3        Snake (4/4) Lair:3        Slime (0/5) Lair:5
    Orc (0/2) D:11         Vaults (5/5) D:14          Crypt (0/3) Vaults:2
 Depths (1/5) D:15

Altars:
Cheibriados
Dithmenos
Elyvilon
Fedhas
Kikubaaqudgha
Makhleb
Nemelex Xobeh
Qazlal
Ru
Trog
Uskayaw
Wu Jian
Xom
Yredelemnul
Zin
The Shining One

Shops:
D:10 [   D:13 ?   D:14 :[?*   D:15 *   Snake:3 !(:*   Vaults:1 [%**
Vaults:3 (   Depths:1 }=}

Portals:
Hell: Depths:1
Pandemonium: Depths:1

Annotations:
Swamp:3 2 transporters
Vaults:3 Xtahua

▒. D .▒ ▒C
C . .▒ CQ
▒. . Q
.▒▒▒C
(.▒.▒▒ ▒▒
▒▒)▒ ..▒
▒.?.▒D▒▒▒.▒
L ▒.†.▒T▒▒
▒▒.▒.[.▒
▒.▒▒▒.▒...▒
▒..
.▒▒▒.▒.. C
▒▒. £ ▒▒ C
e .▒ ▒. D W
. .▒ .


Q L e p You could see 2 titans.


Message History

The shadow dragon is almost dead!
The shadow dragon breathes negative energy at you!
The bolt of negative energy hits you!!!
You feel drained! * * * don't die
* * * You take 47 damage, and have 6/210 hp!
MASSIVE DAMAGE!!!!!!
You now have 0/20 mp!
You feel much better!
You block the shadow dragon's attack! x2
The shadow dragon claws you! * * * don't die
* * * You regained 17 hp, and now have 23/210 hp!
Your gold dragon scales prevents you from hitting the shadow dragon!
The shadow dragon is almost dead!
You eviscerate the shadow dragon!!!!!!
You annihilate the shadow dragon!!!
A shadow dragon comes into view!
The shadow dragon breathes negative energy at you!
The bolt of negative energy hits you!!!
You feel drained! * * * don't die
* * * You take 7 damage, and have 18/210 hp!
Okay, then!
Here: a shadow dragon (catching its breath)
The floor, spattered with blood!
Unknown command!
Okay, then!
A titan comes into view!
The titan shouts!!!
The titan waves its arms in wide circles!
The air twists around and strikes you!!! rip Xom giggles madly!!!

Action                   |  1- 3 |  4- 6 |  7- 9 | 10-12 | 13-15 | 16-18 | 19-21 || total
-------------------------+-------+-------+-------+-------+-------+-------+-------++-------
Melee: Unarmed           |    99 |   135 |   271 |   571 |   854 |  1957 |  1341 ||  5228
       Punch             |     2 |     2 |     8 |    21 |       |       |       ||    33
       Headbutt          |       |       |       |    74 |   196 |   491 |   292 ||  1053
       Halberd           |       |       |       |    16 |    17 |       |       ||    33
       Scimitar          |       |       |       |       |       |    87 |       ||    87
       Hand axe          |       |       |       |       |       |       |    21 ||    21
Throw: Tomahawk          |       |       |       |   107 |    23 |       |       ||   130
       Javelin           |       |       |       |       |    21 |    97 |    40 ||   158
       Large rock        |       |       |       |       |       |     4 |     1 ||     5
Evoke: Wand              |       |       |     6 |    19 |    18 |    22 |     9 ||    74
       Lightning rod     |       |       |       |     4 |     4 |     3 |       ||    11
       Box of beasts     |       |       |       |     3 |       |       |       ||     3
       Phantom mirror    |       |       |       |       |       |     1 |       ||     1
  Use: Scroll            |       |     3 |     9 |    13 |    23 |    18 |    15 ||    81
       Potion            |       |       |     4 |     8 |     4 |     7 |    13 ||    36
 Stab: Petrifying        |       |     1 |       |       |       |     1 |       ||     2
       Sleeping          |       |       |     5 |     8 |    12 |    14 |    10 ||    49
       Paralysed         |       |       |     2 |       |     3 |     7 |       ||    12
       Confused          |       |       |     1 |     1 |     8 |     5 |    18 ||    33
       Distracted        |       |       |       |     1 |     1 |     3 |     1 ||     6
       Petrified         |       |       |       |       |    13 |    13 |     5 ||    31
  Eat: Chunk             |    11 |    18 |    26 |    58 |    57 |    71 |    81 ||   322
       Ration            |       |       |       |       |     5 |    12 |       ||    17
Armor: Robe              |    32 |    30 |    58 |    33 |       |       |       ||   153
       Troll leather arm |       |       |       |    92 |   133 |   274 |    57 ||   556
       Skin              |       |       |       |       |       |     2 |    23 ||    25
       Gold dragon scale |       |       |       |       |       |       |   181 ||   181
Dodge: Dodged            |    46 |    64 |   104 |   415 |   297 |   827 |   377 ||  2130
       Deflected         |       |       |       |     2 |    14 |    55 |    30 ||   101
Block: Large shield      |       |       |       |    22 |   516 |  1667 |   939 ||  3144
       Rpst.: Scimitar   |       |       |       |       |       |    14 |       ||    14

Vault maps used:
D:1:      saegor_arrival_simple_d, kennysheep_decorative_pillar
D:2:      grunt_dithmenos_smoke_and_mirrors, lemuel_crystal_altar, first_ration,
          trog_book
D:3:      nicolae_overflow_crystal_walls, eat_drink_and_be_merry_uskayaw,
          fedhas_altar_2, uniq_jessica
D:4:      cheibrodos_old_hovel
D:5:      lemuel_zombie_altar_yredelemnul, gammafunk_temple_overflow_wave,
          lemuel_doored_altar, minmay_temple_entry_poolview
D:6:      kennysheep_mini, hangedman_decor_clover_reticule
D:7:      kennysheep_little_box, nemelex_xobeh_ov_fountains_minmay,
          makhleb_heckhound_becter, uniq_menkaure
D:8:      lemuel_crystal_altar, erik_lair_dragon, grunt_pizzeria
D:9:      enter_bailey_3
D:10:     serial_shops, shop, uniq_erolcha
D:13:     serial_shops, kennysheep_mini_moat, lab_entry_generic
D:14:     erik_vaults_2, serial_shops, shop, shop, shop, shop,
          kennysheep_nondescript, minmay_misc_feat_room, uniq_nessos,
          uniq_azrael
D:15:     grunt_enter_depths_hoard, serial_shops, shop, glass_columns_b,
          lemuel_flamethrower_1
Lair:1:   beast_lair_carwin_large_3, lemuel_fruit_fields
Lair:2:   cheibrodos_lair_overgrown_chateau, uniq_prince_ribbit2
Lair:3:   minmay_guarded_unrand_snakebite, swamp_mist,
          guppyfry_snake_entry_island
Lair:5:   minmay_slime_entry_oklob_open, kennysheep_snail_temple,
          infiniplex_staircase_pool_2
Lair:6:   hangedman_lair_in_review, wormcave, kilobyte_rumbling_trees
Swamp:1:  hangedman_swamp_blocks, uniq_josephine
Swamp:2:  nicolae_swamp_very_dense_foliage, uniq_louise
Swamp:3:  gammafunk_its_a_trap, hangedman_swamp_diagram
Swamp:4:  swamp_old_school
Snake:1:  nicolae_snake_serpentine_hallways
Snake:2:  uniq_aizul
Snake:3:  portal_ice_cave_entry_pillars_three, minmay_shoptagon
Snake:4:  snake_pit, basic_altar, uniq_saint_roka, uniq_jorgrun
Vaults:1: vaults_mumra_chevron, vaults_room_door_hall, ontoclasm_vaults_eye,
          nicolae_vaults_shelves_hall, hangedman_vaults_impose,
          nicolae_vaults_little_squares_3, v_misc_26, serial_shops,
          nicolae_shop_overgrown_old_shop, shop, nicolae_shop_behind_doors,
          nicolae_shop_overgrown_old_shop
Vaults:2: minmay_crypt_entry_necro_gods, hangedman_vaults_nails,
          ontoclasm_vaults_ring_large, nicolae_vaults_network_barrier,
          hangedman_vaults_restitches, hangedman_vaults_hat,
          nicolae_vaults_shelves_hall, nicolae_vaults_twisting_passages,
          v_misc_22, ontoclasm_vaults_pinch, serial_glass, serial_shops,
          bzr_entry_customers, uniq_mara
Vaults:3: nicolae_vaults_little_squares_3, vaults_room_semicircle,
          nicolae_vaults_specimen_jars, ontoclasm_vaults_hangar, v_misc_25,
          nicolae_vaults_disjoint_gnomons, v_alt_pattern_3,
          nicolae_vaults_big_angled_halls, grunt_vaults_funnel,
          vaults_mumra_hexcomb, hangedman_vaults_trim, vaults_room_door_hall,
          nicolae_vaults_big_ls, vaults_room_ringed_pool, vaults_dpeg_hooks,
          nicolae_vaults_c_with_doors, serial_shops, shop, uniq_xtahua,
          uniq_jory
Vaults:4: v_misc_32, nicolae_vaults_what_the_h, st_spiral_rooms,
          vaults_room_corners, ontoclasm_vaults_fault,
          ontoclasm_vaults_ring_small, nicolae_vaults_alarming,
          hangedman_vaults_pinch, v_alt_pattern_6, vaults_room_grid,
          grunt_vaults_hallway_long, nicolae_vaults_rhombus_5, basic_altar
Vaults:5: uniq_bai_suzhen
Depths:1: grunt_pan_entry_in_and_out, serial_bayou_pond_e, hell_entry,
          kennysheep_generic_room_4, firewood_loft, serial_bayou_shore_b,
          minmay_shop_grove
Lab:      labyrinth_spiral, labyrinth_skeletal_remains, nicolae_lab_quarters,
          nicolae_lab_garden, nicolae_lab_stuck, nicolae_lab_checkerboard,
          nicolae_lab_arrow, lab_statue, labyrinth_lava_lair
Bazaar:   bazaar_kb_twisted_cavern
Bailey:   bailey_axe_bossmonster_kennysheep, bailey
IceCv:    ice_cave_caverns_02

Notes
Turn   | Place    | Note
-------+----------+-------------------------------------------
     0 | D:1      | rlgrobin the Troll Chaos Knight began the quest for the Orb.
     0 | D:1      | Reached XP level 1. HP: 22/22 MP: 0/0
    34 | D:1      | Reached XP level 2. HP: 24/29 MP: 1/1
   221 | D:1      | Reached skill level 3 in Fighting
   228 | D:1      | Reached XP level 3. HP: 37/37 MP: 2/2
   387 | D:1      | XOM: silly message
   480 | D:2      | XOM: harmless Necr miscast
   516 | D:2      | Reached skill level 4 in Unarmed Combat
   522 | D:2      | Found a shadowy altar of Dithmenos.
   573 | D:2      | Found a shimmering altar of Xom.
   636 | D:2      | Reached XP level 4. HP: 45/45 MP: 3/3
   704 | D:2      | XOM: 3-stop teleportation journey
   708 | D:2      | Found a bloodstained altar of Trog.
   841 | D:2      | XOM: enchant monster (good)
  1089 | D:3      | Found a blossoming altar of Fedhas.
  1137 | D:3      | Noticed Jessica
  1146 | D:3      | Killed Jessica
  1146 | D:3      | Reached skill level 5 in Unarmed Combat
  1218 | D:3      | Found a hide-covered altar of Uskayaw.
  1218 | D:3      | XOM: noise
  1470 | D:3      | Found a sacrificial altar of Ru.
  1479 | D:3      | Reached XP level 5. HP: 53/53 MP: 4/4
  1726 | D:4      | Noticed an ogre
  1727 | D:4      | XOM: summons 5 friendly demons
  1735 | D:4      | Killed an ogre
  1735 | D:4      | Reached skill level 6 in Unarmed Combat
  1857 | D:4      | XOM: cast spell 'Summon Ice Beast'
  1861 | D:4      | Reached skill level 2 in Dodging
  1861 | D:4      | Reached XP level 6. HP: 44/61 MP: 5/5
  2169 | D:4      | XOM is BORED!
  2169 | D:4      | XOM: medium Tmut miscast
  2315 | D:5      | Entered Level 5 of the Dungeon
  2379 | D:5      | XOM: harmless Erth miscast
  2512 | D:5      | XOM: confuse monster(s)
  2517 | D:5      | Reached skill level 3 in Dodging
  2537 | D:5      | Reached skill level 4 in Fighting
  2541 | D:5      | Reached XP level 7. HP: 49/70 MP: 6/6
  2564 | D:5      | Found a staircase to the Ecumenical Temple.
  2680 | D:5      | Found a basalt altar of Yredelemnul.
  2710 | D:5      | Found a stormy altar of Qazlal.
  2913 | D:5      | Found a glowing golden altar of the Shining One.
  2913 | D:5      | Found an ancient bone altar of Kikubaaqudgha.
  2993 | D:6      | XOM: potion effect (haste)
  2999 | D:6      | Reached skill level 5 in Fighting
  3043 | D:6      | Reached skill level 1 in Stealth
  3067 | D:6      | XOM: confuse monster(s)
  3133 | D:6      | Reached skill level 2 in Stealth
  3160 | D:6      | Found a glowing silver altar of Zin.
  3300 | D:6      | Reached XP level 8. HP: 79/80 MP: 7/7
  3512 | D:6      | Reached skill level 3 in Stealth
  3715 | D:7      | Noticed Menkaure
  3736 | D:7      | Killed Menkaure
  3782 | D:7      | XOM: silly message
  3826 | D:7      | Found a burning altar of Makhleb.
  3898 | D:7      | Found a burning altar of Makhleb.
  4002 | D:7      | XOM: harmless Tloc miscast
  4052 | D:7      | Reached skill level 4 in Stealth
  4057 | D:7      | XOM: confuse monster(s)
  4106 | D:7      | XOM: cast spell 'Summon Butterflies'
  4155 | D:7      | Reached skill level 5 in Stealth
  4164 | D:7      | Found a sparkling altar of Nemelex Xobeh.
  4541 | D:8      | Found a white marble altar of Elyvilon.
  4639 | D:8      | Reached XP level 9. HP: 88/88 MP: 8/8
  4729 | D:8      | XOM: divination: magic mapping
  4736 | D:8      | HP: 3/88 [wyvern (11)]
  4759 | D:8      | XOM: fog
  4763 | D:8      | Reached skill level 7 in Unarmed Combat
  4909 | D:8      | Found a staircase to the Lair.
  5099 | D:8      | Reached skill level 8 in Unarmed Combat
  5377 | D:9      | Reached skill level 9 in Unarmed Combat
  5524 | D:9      | Noticed a two-headed ogre
  5533 | D:9      | Killed a two-headed ogre
  5533 | D:9      | Reached skill level 10 in Unarmed Combat
  5533 | D:9      | Reached XP level 10. HP: 85/96 MP: 9/9
  5577 | D:9      | XOM: scenery: create altars
  5604 | D:9      | Found a flagged portal.
  5627 | Bailey   | Entered a bailey
  5632 | Bailey   | Noticed an orc warlord
  5731 | Bailey   | Reached skill level 1 in Throwing
  5738 | Bailey   | Found a runed gate.
  5756 | Bailey   | Found a runed gate.
  5758 | Bailey   | Found a runed gate.
  5935 | Bailey   | XOM: cast spell 'Summon Hydra'
  5943 | Bailey   | Killed an orc warlord
  5943 | Bailey   | Reached skill level 4 in Throwing
  6339 | D:10     | Entered Level 10 of the Dungeon
  6339 | D:10     | Found Kowu Modoz's Antique Armour Emporium.
  6339 | D:10     | Noticed Erolcha
  6344 | D:10     | Killed Erolcha
  6344 | D:10     | Reached skill level 6 in Fighting
  6364 | D:10     | Bought a cloak for 130 gold pieces
  6380 | D:10     | Learned a level 2 spell: Song of Slaying
  6420 | D:11     | XOM is BORED!
  6420 | D:11     | XOM: give mutations
  6420 | D:11     | Gained mutation: You are weak. (Str -2) [Xom's mischief]
  6420 | D:11     | Gained mutation: You are clumsy. (Dex -2) [Xom's mischief]
  6420 | D:11     | Gained mutation: You are dopey. (Int -2) [Xom's mischief]
  6420 | D:11     | Gained mutation: You are very weak. (Str -4) [Xom's mischief]
  6525 | D:11     | Reached skill level 7 in Fighting
  6601 | D:11     | XOM: confuse monster(s)
  6609 | D:11     | XOM: god gift: scroll labeled ZYDDEF ZUPT {god gift}
  6647 | D:11     | Found a staircase to the Orcish Mines.
  6834 | D:11     | XOM: give mutations
  6834 | D:11     | Gained mutation: You have a pair of small horns on your head. [Xom's grace]
  6834 | D:11     | Lost mutation: You are very weak. (Str -4) [Xom's grace]
  6834 | D:11     | Gained mutation: Your movements are slightly less encumbered by armour. (ER -2) [Xom's grace]
  6834 | D:11     | Gained mutation: You are robust. (+10% HP) [Xom's grace]
  6897 | D:11     | Noticed a two-headed ogre
  6904 | D:11     | Killed a two-headed ogre
  6904 | D:11     | Reached XP level 11. HP: 122/122 MP: 10/10
  7113 | D:11     | XOM: harmless Tmut miscast
  7220 | D:12     | Reached skill level 8 in Fighting
  7245 | D:12     | Noticed w0lly's ghost (journeyman DsBe)
  7260 | D:12     | XOM: cast spell 'Summon Ice Beast'
  7264 | D:12     | XOM: harmless Fire miscast
  7291 | D:12     | XOM: divination: magic mapping
  7399 | Lair:1   | Entered Level 1 of the Lair of Beasts
  7413 | D:8      | XOM: potion effect (heal wounds)
  7422 | Lair:1   | XOM: divination: detect items
  7495 | Lair:1   | XOM: summons 9 friendly demons
  7531 | Lair:1   | XOM: mild Hex miscast
  7537 | Lair:1   | XOM: confuse monster(s)
  7544 | Lair:1   | Reached skill level 1 in Armour
  7642 | Lair:1   | XOM: enchant monster (bad)
  7644 | Lair:1   | XOM: confusion
  7645 | Lair:1   | XOM: polymorph polar bear -> komodo dragon
  7647 | Lair:1   | XOM: smoke on damage
  7649 | Lair:1   | Reached skill level 2 in Armour
  7703 | Lair:1   | XOM: draining
  7711 | Lair:1   | Reached skill level 3 in Armour
  7804 | Lair:1   | XOM: 1-stop teleportation journey
  7805 | Lair:1   | Noticed a four-headed hydra
  7805 | Lair:1   | XOM: mild Summ miscast
  7813 | Lair:1   | XOM: divination: magic mapping
  7817 | Lair:1   | XOM: potion effect (heal wounds)
  7938 | Lair:1   | Killed a one-headed hydra
  7938 | Lair:1   | Reached skill level 4 in Armour
  7954 | Lair:1   | Reached skill level 5 in Armour
  7962 | Lair:1   | XOM: harmless Necr miscast
  8011 | Lair:1   | XOM: harmless Chrm miscast
  8266 | Lair:2   | Reached skill level 6 in Armour
  8284 | Lair:2   | XOM: enchant monster (bad)
  8318 | Lair:2   | XOM: noise
  8386 | Lair:2   | Noticed Prince Ribbit
  8401 | Lair:2   | Paralysed by a hornet for 1 turns
  8405 | Lair:2   | HP: 12/124 [poisoned by a hornet]
  8409 | Lair:2   | XOM: confuse monster(s)
  8414 | Lair:2   | XOM: polymorph water moccasin -> naga
  8592 | Lair:2   | Noticed an eight-headed hydra
  8602 | Lair:2   | XOM: potion effect (might)
  8611 | Lair:2   | XOM: confuse monster(s)
  8613 | Lair:2   | Killed Prince Ribbit
  8679 | Lair:2   | Reached skill level 7 in Armour
  8744 | Lair:2   | Reached XP level 12. HP: 114/134 MP: 8/11
  8750 | Lair:2   | XOM: god gift: scroll of teleportation
  8800 | Lair:2   | Reached skill level 11 in Unarmed Combat
  9046 | Lair:2   | Killed a five-headed hydra
  9094 | Lair:2   | XOM: harmless Necr miscast
  9095 | Lair:2   | XOM: 1-stop teleportation journey
  9105 | Lair:2   | XOM: divination: detect creatures
  9108 | Lair:2   | XOM: divine lightning
  9115 | Lair:2   | XOM: polymorph blink frog -> queen bee
  9118 | Lair:2   | XOM: mild Necr miscast
  9129 | Lair:2   | Reached skill level 12 in Unarmed Combat
  9140 | Lair:2   | XOM: noise
  9333 | Lair:2   | XOM: harmless Summ miscast
  9511 | Lair:3   | XOM: mild Erth miscast
  9515 | Lair:3   | XOM: confusion (+ monsters)
  9769 | Lair:3   | Found a staircase to the Snake Pit.
  9792 | Lair:3   | Found a staircase to the Swamp.
  9816 | Lair:3   | XOM: polymorph yak -> meliai
  9818 | Lair:3   | Reached skill level 13 in Unarmed Combat
  9935 | Lair:3   | Reached skill level 4 in Dodging
  9935 | Lair:3   | Reached skill level 1 in Shields
 10183 | Lair:3   | Found the +8 whip "Snakebite" {curare, rPois}
 10541 | Lair:2   | XOM: potion effect (agility)
 10569 | Lair:1   | XOM: 2-stop teleportation journey
 10601 | Lair:1   | XOM: give mutation
 10601 | Lair:1   | Gained mutation: You are very robust. (+20% HP) [Xom's grace]
 10707 | Lair:4   | Reached skill level 2 in Shields
 11086 | Lair:4   | XOM: god gift: wand of clouds (5)
 11322 | Lair:4   | XOM: cleaving
 11435 | Lair:5   | Reached skill level 3 in Shields
 11472 | Lair:5   | Reached skill level 5 in Dodging
 11498 | Lair:5   | Noticed a seven-headed hydra
 11516 | Lair:5   | Killed a two-headed hydra
 11516 | Lair:5   | Reached XP level 13. HP: 103/153 MP: 6/12
 11941 | Lair:5   | Reached skill level 4 in Shields
 12109 | Lair:5   | XOM: scenery: create altars
 12137 | Lair:5   | Found a snail-covered altar of Cheibriados.
 12161 | Lair:5   | XOM: fog
 12500 | Lair:5   | XOM is BORED!
 12500 | Lair:5   | XOM: medium Erth miscast
 12517 | Lair:5   | Found a staircase to the Slime Pits.
 12542 | Lair:5   | XOM: 4-stop teleportation journey
 12566 | Lair:6   | Entered Level 6 of the Lair of Beasts
 12602 | Lair:6   | Reached skill level 5 in Shields
 12615 | Lair:6   | XOM: god gift: ivory hand axe {god gift}
 12616 | Lair:6   | Got an ivory hand axe {god gift}
 12617 | Lair:6   | Identified the +8 hand axe of Ysoenal {chaos, rC++ Str-2} (Xom gifted it to you on level 6 of the Lair of Beasts)
 12648 | Lair:6   | XOM: fog
 12652 | Lair:6   | Noticed a fire dragon
 12652 | Lair:6   | a five-headed hydra changed into a fire dragon
 12652 | Lair:6   | XOM: polymorph five-headed hydra -> fire dragon
 12811 | Lair:6   | XOM: cleaving
 12923 | Lair:6   | XOM: cast spell 'Necromutation'
 12924 | Lair:6   | XOM: cast spell 'Monstrous Menagerie'
 12925 | Lair:6   | Reached skill level 6 in Shields
 12961 | Lair:6   | Noticed a dire elephant
 12985 | Lair:6   | Noticed a dire elephant
 13004 | Lair:6   | XOM: 4-stop teleportation journey
 13104 | Lair:6   | XOM: divine lightning
 13108 | Lair:6   | XOM: scenery: create altars
 13115 | Lair:6   | Killed a fire dragon
 13275 | Lair:6   | Reached skill level 7 in Shields
 13299 | Lair:6   | XOM: confuse monster(s)
 13358 | Lair:6   | XOM: god gift: 29 gold pieces
 13423 | Lair:6   | XOM: summons 4 friendly demons
 13439 | Lair:6   | XOM: cast spell 'Olgreb's Toxic Radiance'
 13918 | Lair:6   | Reached skill level 8 in Shields
 13996 | Lair:6   | XOM: blink monster(s)
 14012 | Lair:6   | Killed a dire elephant
 14012 | Lair:6   | Reached skill level 9 in Fighting
 14116 | Lair:6   | XOM: silly message
 14120 | Lair:6   | XOM: blink monster(s)
 14246 | Lair:6   | Killed a dire elephant
 14261 | Lair:6   | Reached skill level 10 in Fighting
 14309 | Lair:6   | XOM: mild Tloc miscast
 14331 | Lair:6   | XOM: cloud trail
 14679 | Lair:6   | Paralysed by a hornet for 2 turns
 14694 | Lair:6   | Reached XP level 14. HP: 125/171 MP: 11/13
 14716 | Lair:6   | Found a runed door.
 14782 | Lair:6   | XOM: confuse monster(s)
 14910 | Lair:6   | XOM: summons friendly white imp
 14915 | Lair:6   | XOM: mild Air miscast
 14922 | Lair:6   | XOM: potion effect (might)
 15111 | Lair:6   | Got a dazzling great sword
 15139 | Lair:5   | XOM: give mutations
 15139 | Lair:5   | Gained mutation: You have a somewhat thin skeletal structure. (Dex +2, Stealth) [Xom's grace]
 15139 | Lair:5   | Gained mutation: You are surrounded by a mild repulsion field. (EV +2) [Xom's grace]
 15139 | Lair:5   | Gained mutation: You are resistant to electric shocks. (rElec) [Xom's grace]
 15139 | Lair:5   | Gained mutation: You possess an exceptional clarity of mind. [Xom's grace]
 15239 | Lair:1   | Identified the +10 great sword "Wooskid" {venom, rF- rN+ Int+4} (You found it on level 6 of the Lair of Beasts)
 15526 | D:12     | XOM: god gift: thin bronze amulet {god gift}
 15583 | D:12     | XOM: noise
 15596 | D:12     | XOM: 5-stop teleportation journey
 15773 | D:12     | XOM: cleaving
 15785 | D:12     | XOM: swap monsters
 15793 | D:12     | Killed w0lly's ghost
 15793 | D:12     | Reached skill level 6 in Dodging
 15949 | D:12     | XOM: swap monsters
 16132 | D:13     | XOM: chaos upgrade
 16169 | D:13     | Found Uliuxir's Magic Scroll Shop.
 16172 | D:13     | Bought a scroll of identify for 34 gold pieces
 16172 | D:13     | Bought a scroll of identify for 34 gold pieces
 16172 | D:13     | Bought a scroll of identify for 34 gold pieces
 16172 | D:13     | Bought a scroll of identify for 34 gold pieces
 16172 | D:13     | Bought a scroll of fear for 59 gold pieces
 16172 | D:13     | Bought a scroll of blinking for 127 gold pieces
 16172 | D:13     | Bought a scroll of acquirement for 884 gold pieces
 16172 | D:13     | Bought a scroll of teleportation for 51 gold pieces
 16240 | D:13     | Found a labyrinth entrance.
 16259 | Lab      | Entered a labyrinth
 16717 | Lab      | XOM: blink monster(s)
 16721 | Lab      | Reached skill level 8 in Armour
 17006 | Lab      | XOM: harmless Fire miscast
 17249 | Lair:1   | Got a translucent hat
 17255 | Lair:1   | Identified the +0 hat "Utuuhasi" {rC+ Int+6 Dex-5 Stlth+} (You acquired it on level 1 of the Lair of Beasts)
 17256 | Lair:1   | Got a heavily runed large shield
 17267 | Lair:1   | Identified the +0 large shield of the Present {rPois MR+ Regen+} (You acquired it on level 1 of the Lair of Beasts)
 17411 | D:11     | XOM: medium Chrm miscast
 17479 | D:13     | XOM: mild Ice miscast
 17553 | D:13     | XOM: cleaving
 17712 | D:13     | XOM: summons friendly ufetubus
 17719 | D:13     | XOM: confuse monster(s)
 17940 | D:13     | XOM: cast spell 'Summon Horrible Things'
 17954 | D:13     | Reached skill level 9 in Shields
 18006 | D:13     | XOM: medium Pois miscast
 18041 | D:13     | XOM is BORED!
 18041 | D:13     | XOM: noise
 18095 | D:14     | Found Zeurghiext's Armour Shop.
 18115 | D:14     | XOM: 3-stop teleportation journey
 18141 | D:14     | XOM: enchant monster (good)
 18172 | D:14     | Reached skill level 10 in Shields
 18247 | D:14     | Found a gate to the Vaults.
 18266 | D:14     | Reached skill level 7 in Dodging
 18268 | D:14     | XOM: repel stairs
 18316 | D:14     | XOM: mild Hex miscast
 18322 | D:14     | XOM: summons 4 hostile shadow creatures
 18375 | D:14     | XOM: harmless Erth miscast
 18376 | D:14     | Reached XP level 15. HP: 165/182 MP: 12/14
 18387 | D:14     | XOM: polymorph troll -> hog
 18433 | D:14     | Found Xizeloiw's Magic Scroll Boutique.
 18435 | D:14     | Found Awnuceh's General Store.
 18441 | D:14     | Bought a scroll of identify for 28 gold pieces
 18441 | D:14     | Bought a scroll of identify for 28 gold pieces
 18447 | D:14     | Bought a scroll of identify for 28 gold pieces
 18447 | D:14     | Bought a scroll of identify for 28 gold pieces
 18447 | D:14     | Identified a potion of experience
 18449 | D:14     | Reached skill level 14 in Unarmed Combat
 18449 | D:14     | Reached XP level 16. HP: 193/193 MP: 15/15
 18516 | D:14     | Reached skill level 8 in Dodging
 18633 | D:14     | Found Elofya's Book Shop.
 18635 | D:14     | Noticed Azrael
 18650 | D:14     | Noticed kalagan's ghost (journeyman DEFE)
 18662 | D:14     | Killed kalagan's ghost
 18670 | D:14     | XOM: divination: magic mapping
 18672 | D:14     | Killed Azrael
 18675 | D:14     | XOM: summons 1 hostile shadow creature
 18716 | D:14     | Noticed Nessos
 18722 | D:14     | Killed Nessos
 18732 | D:14     | XOM: medium Conj miscast
 18738 | D:14     | XOM: chaos upgrade
 18739 | D:14     | XOM: summons 3 hostile demons
 18749 | D:14     | XOM: chaos cloud
 19081 | D:15     | Entered Level 15 of the Dungeon
 19086 | D:15     | XOM: enchant monster (good)
 19360 | D:15     | Reached skill level 15 in Unarmed Combat
 19394 | D:15     | XOM: cast spell 'Summon Butterflies'
 19565 | D:15     | XOM: enchant monster (good)
 19702 | D:15     | Found a staircase to the Depths.
 19815 | D:15     | Found Kathrayri's Assorted Antiques.
 19823 | D:15     | Bought a potion of heal wounds for 175 gold pieces
 19823 | D:15     | Bought a potion of mutation for 280 gold pieces
 19982 | D:15     | XOM: scenery: 1 doors open, 1 doors close
 20182 | D:12     | XOM: harmless Tmut miscast
 20362 | Lair:2   | XOM: mild Summ miscast
 20393 | Snake:1  | Entered Level 1 of the Snake Pit
 20442 | Snake:1  | XOM: noise
 20503 | Snake:1  | XOM: confuse monster(s)
 20516 | Snake:1  | XOM: divination: detect creatures
 20519 | Snake:1  | Reached skill level 11 in Shields
 20702 | Snake:1  | XOM: potion effect (haste)
 20711 | Snake:1  | XOM: noise
 21297 | Snake:1  | XOM: divination: detect creatures
 21568 | Snake:2  | XOM: potion effect (haste)
 21577 | Snake:2  | XOM: summons friendly shadow imp
 21596 | Snake:2  | XOM: medium Ice miscast
 21656 | Snake:2  | Noticed Aizul
 21670 | Snake:2  | XOM: 1-stop teleportation journey
 21681 | Snake:2  | XOM: mild Tmut miscast
 21703 | Snake:2  | Killed Aizul
 21972 | Snake:3  | XOM: harmless Tloc miscast
 21978 | Snake:3  | XOM: enchant monster (bad)
 21979 | Snake:3  | Reached skill level 12 in Shields
 21991 | Snake:3  | XOM: harmless Fire miscast
 21994 | Snake:3  | XOM: chaos cloud
 22003 | Snake:3  | XOM: smoke on damage
 22004 | Snake:3  | XOM: summons friendly quasit
 22070 | Snake:3  | Found Awos's Assorted Antiques.
 22073 | Snake:3  | XOM: confuse monster(s)
 22074 | Snake:3  | XOM: enchant monster (good)
 22111 | Snake:3  | Found a frozen archway.
 22124 | IceCv    | Entered an ice cave
 22214 | IceCv    | XOM: cast spell 'Statue Form'
 22224 | IceCv    | XOM: enchant monster (good)
 22318 | IceCv    | XOM: polymorph white imp -> iron imp
 22577 | IceCv    | XOM: scenery: create altars
 22598 | IceCv    | XOM: divine lightning
 22600 | IceCv    | XOM: summons friendly shadow imp
 22767 | IceCv    | Reached skill level 13 in Shields
 22872 | IceCv    | Identified the Catalogue of Assistive Clay
 22937 | Snake:3  | Reached XP level 17. HP: 179/202 MP: 0/16
 22948 | Snake:3  | Found Jowutos's Book Emporium.
 22948 | Snake:3  | Found Qeoteg's Distillery.
 22948 | Snake:3  | Found Hewn's Antique Weapon Shoppe.
 22948 | Snake:3  | XOM: 6-stop teleportation journey
 23008 | Snake:3  | XOM: cleaving
 23039 | Snake:3  | Got a twitching wooden ring
 23040 | Snake:3  | Identified the ring "Nuevveev" {*Slow MR+ Str+3 Int+3} (You found it on level 3 of the Snake Pit)
 23122 | Snake:3  | XOM: cloud trail
 23211 | Snake:3  | XOM: confuse monster(s)
 23365 | Snake:3  | XOM: confuse monster(s)
 23569 | Snake:3  | XOM: divination: detect creatures
 23689 | Snake:3  | XOM: cloud trail
 23814 | Snake:1  | XOM: torment (110/202 hp)
 23815 | Snake:1  | DANG
 23980 | Swamp:1  | Entered Level 1 of the Swamp
 24028 | Swamp:1  | Noticed Josephine
 24041 | Swamp:1  | Killed Josephine
 24042 | Swamp:1  | XOM: give mutations
 24042 | Swamp:1  | Gained mutation: You are very dopey. (Int -4) [Xom's mischief]
 24187 | Swamp:1  | XOM: noise
 24219 | Swamp:1  | XOM: 4-stop teleportation journey
 24299 | Swamp:1  | XOM: summons 3 hostile demons
 24379 | Swamp:1  | Reached skill level 14 in Shields
 24492 | Swamp:1  | Got a smoking glaive
 24493 | Swamp:1  | Identified the +2 glaive of Desperation {chop, rC+ Str+3} (You found it on level 1 of the Swamp)
 24547 | Swamp:1  | You fall through a shaft!
 24547 | Swamp:2  | XOM: scenery: create altars
 24572 | Swamp:2  | Noticed Louise
 24590 | Swamp:2  | Killed Louise
 24596 | Swamp:2  | Got a translucent large shield
 24763 | Swamp:2  | XOM: harmless Ice miscast
 24811 | Swamp:1  | XOM: polymorph swamp worm -> slime creature
 24819 | Swamp:1  | XOM: stat loss: -1 Int (3/4)
 24826 | Swamp:1  | this nigga wants me dumb
 24897 | Swamp:1  | Identified the +5 large shield of the Blind Marksman {-Tele rElec rF+} (You took it off Louise on level 2 of the Swamp)
 24954 | Swamp:2  | XOM: draining
 25102 | Swamp:2  | XOM: polymorph swamp drake -> wyvern
 25107 | Swamp:2  | XOM: 5-stop teleportation journey
 25114 | Swamp:2  | Noticed a tentacled monstrosity
 25127 | Swamp:2  | fuck's sake
 25131 | Swamp:2  | XOM: mild Air miscast
 25139 | Swamp:2  | Reached skill level 9 in Armour
 25144 | Swamp:2  | XOM: summons friendly crimson imp
 25151 | Swamp:2  | Killed a tentacled monstrosity
 25428 | Swamp:2  | Reached skill level 9 in Dodging
 25480 | Swamp:2  | XOM: silly message
 25662 | Swamp:3  | Reached skill level 5 in Throwing
 25720 | Swamp:3  | XOM: give mutations
 25720 | Swamp:3  | Gained mutation: You are very weak. (Str -4) [Xom's mischief]
 25720 | Swamp:3  | Lost mutation: You possess an exceptional clarity of mind. [Xom's mischief]
 25720 | Swamp:3  | Lost mutation: You are very robust. (+20% HP) [Xom's mischief]
 25926 | Swamp:3  | XOM: noise
 25930 | Swamp:3  | XOM: polymorph spiny frog -> wind drake
 25950 | Swamp:3  | XOM: swap monsters
 25971 | Swamp:3  | Reached skill level 6 in Throwing
 25997 | Swamp:3  | XOM: swap monsters
 26076 | Swamp:3  | Found a transporter.
 26084 | Swamp:3  | >Zot trap vault
 26084 | Swamp:3  | FUCK THAT
 26151 | Swamp:3  | XOM: confuse monster(s)
 26152 | Swamp:3  | Found a transporter.
 26495 | Swamp:4  | Entered Level 4 of the Swamp
 26581 | Swamp:4  | Identified a potion of resistance
 26722 | Swamp:4  | Paralysed by a hornet for 2 turns
 26862 | Swamp:4  | XOM: cloud trail
 26914 | Swamp:4  | XOM: summons 6 friendly demons
 26915 | Swamp:4  | XOM: destruction
 26975 | Swamp:4  | XOM: 5-stop teleportation journey
 27006 | Swamp:4  | Noticed the 27-headed Lernaean hydra
 27006 | Swamp:4  | oh
 27006 | Swamp:4  | oh no
 27006 | Swamp:4  | not lenny
 27019 | Swamp:4  | Reached skill level 16 in Unarmed Combat
 27023 | Swamp:4  | Killed the 27-headed Lernaean hydra
 27024 | Swamp:4  | wew lad
 27024 | Swamp:4  | did not expect that
 27026 | Swamp:4  | easy boy
 27026 | Swamp:4  | don't bite the hand that made you
 27055 | Swamp:4  | XOM: enchant monster (good)
 27112 | Swamp:4  | XOM: fog
 27144 | Swamp:4  | Reached XP level 18. HP: 93/193 MP: 10/17
 27157 | Swamp:4  | i'll just brb right quick
 27182 | Swamp:4  | XOM: confuse monster(s)
 27193 | Swamp:4  | XOM: cleaving
 27355 | Swamp:4  | XOM: divination: detect items
 27370 | Swamp:4  | Got a decaying rune of Zot
 27604 | Swamp:4  | XOM: give mutations
 27604 | Swamp:4  | Lost mutation: You are clumsy. (Dex -2) [Xom's grace]
 27604 | Swamp:4  | Gained mutation: You are somewhat resistant to further mutation. [Xom's grace]
 28027 | Snake:4  | Entered Level 4 of the Snake Pit
 28033 | Snake:4  | XOM: confuse monster(s)
 28043 | Snake:4  | XOM: fake destruction
 28065 | Snake:4  | XOM: cleaving
 28076 | Snake:4  | XOM: divination: detect items
 28090 | Snake:4  | Found an ornate altar of the Wu Jian Council.
 28129 | Snake:4  | Reached skill level 17 in Unarmed Combat
 28164 | Snake:4  | XOM: noise
 28214 | Snake:4  | Reached skill level 11 in Fighting
 28235 | Snake:4  | XOM: harmless Chrm miscast
 28280 | Snake:4  | Noticed Jorgrun
 28280 | Snake:4  | OH FUCK
 28280 | Snake:4  | JORGRUN OUT OF FUCKING NOWHERE
 28303 | Snake:4  | Killed Jorgrun
 28319 | Snake:4  | i am very not used to diesel characters
 28466 | Snake:4  | XOM: 2-stop teleportation journey
 28467 | Snake:4  | please no daddy
 28469 | Snake:4  | Got a serpentine rune of Zot
 28473 | Snake:4  | whew
 28473 | Snake:4  | very nice
 28541 | Snake:4  | XOM: mild Chrm miscast
 28576 | Snake:4  | XOM: enchant monster (bad)
 28618 | Snake:4  | XOM: divination: detect items
 28621 | Snake:4  | XOM: harmless Necr miscast
 28663 | Snake:4  | Reached skill level 12 in Fighting
 28664 | Snake:4  | XOM: harmless Chrm miscast
 28679 | Snake:4  | XOM: divination: detect items
 28709 | Snake:4  | XOM: scenery: create altars
 28798 | Snake:4  | XOM: 2-stop teleportation journey
 28813 | Snake:4  | XOM: enchant monster (good)
 29052 | Snake:4  | XOM: scenery: create altars
 29055 | Snake:4  | XOM: cast spell 'Discord'
 29109 | Snake:4  | XOM: potion effect (haste)
 29139 | Snake:4  | Reached skill level 13 in Fighting
 29223 | Snake:4  | XOM: enchant monster (good)
 29244 | Snake:4  | i'd like to spend a moment to thank ashenzari for this very convenient killhole
 29366 | Snake:4  | Noticed Saint Roka
 29367 | Snake:4  | hello fuckface
 29382 | Snake:4  | XOM: summons friendly shadow imp
 29393 | Snake:4  | XOM: noise
 29401 | Snake:4  | Killed Saint Roka
 29497 | Snake:4  | XOM: blink monster(s)
 29522 | Snake:4  | XOM: confuse monster(s)
 29801 | D:11     | XOM: mild Conj miscast
 29903 | Vaults:1 | Entered Level 1 of the Vaults
 29903 | Vaults:1 | Found Jazy Rofaus's Assorted Antiques.
 30010 | Vaults:1 | XOM: noise
 30091 | Vaults:1 | XOM: cast spell 'Summon Small Mammal'
 30120 | Vaults:1 | Found Pithrehe's Food Shoppe.
 30131 | Vaults:1 | XOM: cloud trail
 30165 | Vaults:1 | Found Gitt's Assorted Antiques.
 30257 | Vaults:1 | XOM: silly message
 30536 | Vaults:1 | XOM: divination: magic mapping
 30548 | Vaults:1 | Reached XP level 19. HP: 184/212 MP: 14/18
 30729 | Vaults:1 | Reached skill level 18 in Unarmed Combat
 30986 | Vaults:1 | XOM: silly message
 31018 | Vaults:1 | Found Waisogit's Armour Shoppe.
 31029 | Vaults:1 | XOM: mild Erth miscast
 31428 | Vaults:2 | Found a flickering gateway to a bazaar.
 31451 | Bazaar   | Entered a bazaar
 31456 | Bazaar   | Found Qahileprea's Antique Armour Boutique.
 31462 | Bazaar   | Found Diliet's Book Shop.
 31468 | Bazaar   | Found Busir's Magic Scroll Shoppe.
 31478 | Bazaar   | Found Menk's General Store.
 31486 | Bazaar   | Found Liunam's Antique Armour Emporium.
 31511 | Bazaar   | Bought a scroll of fear for 24 gold pieces
 31511 | Bazaar   | Bought a scroll of teleportation for 21 gold pieces
 31511 | Bazaar   | Bought a scroll of teleportation for 21 gold pieces
 31511 | Bazaar   | Bought a scroll of identify for 14 gold pieces
 31511 | Bazaar   | Bought a scroll of blinking for 52 gold pieces
 31511 | Bazaar   | Bought a scroll of identify for 14 gold pieces
 31511 | Bazaar   | Bought a scroll of summoning for 66 gold pieces
 31511 | Bazaar   | Bought a scroll of magic mapping for 24 gold pieces
 31557 | Vaults:2 | XOM: summons 6 friendly demons
 31637 | Vaults:2 | Found a staircase to the Crypt.
 31637 | Vaults:2 | Found an ancient bone altar of Kikubaaqudgha.
 31638 | Vaults:2 | Found a basalt altar of Yredelemnul.
 31728 | Vaults:2 | Noticed Mara
 31729 | Vaults:2 | NnnnnnnOPE
 31928 | Vaults:2 | XOM: polymorph death knight -> torpor snail
 31991 | Vaults:2 | XOM: 5-stop teleportation journey
 32091 | Vaults:2 | XOM: 9-stop teleportation journey
 32099 | Vaults:2 | XOM: give mutations
 32099 | Vaults:2 | Gained mutation: Your body sometimes deteriorates upon taking damage. [Xom's mischief]
 32099 | Vaults:2 | Lost mutation: You are very dopey. (Int -4) [Xom's mischief]
 32099 | Vaults:2 | Lost mutation: You are robust. (+10% HP) [Xom's mischief]
 32099 | Vaults:2 | Lost mutation: You are surrounded by a mild repulsion field. (EV +2) [Xom's mischief]
 32100 | Vaults:2 | for fuck's sake xom
 32100 | Vaults:2 | give me back the good shit
 32122 | Vaults:2 | XOM: 4-stop teleportation journey
 32126 | Vaults:2 | XOM: swap monsters
 32163 | Vaults:2 | XOM: noise
 32200 | Vaults:2 | XOM: enchant monster (bad)
 32372 | Vaults:2 | Reached skill level 10 in Armour
 32390 | Vaults:2 | XOM: confusion (+ monsters)
 32472 | Vaults:2 | XOM: god gift: thick glowing staff {god gift}
 32671 | Vaults:2 | XOM is BORED!
 32671 | Vaults:2 | XOM: medium Pois miscast
 32814 | Vaults:2 | Noticed rlgrobin's illusion
 32815 | Vaults:2 | XOM: swap monsters
 32821 | Vaults:2 | Killed Mara
 32879 | Vaults:2 | Reached skill level 11 in Armour
 33003 | Vaults:2 | XOM: harmless Chrm miscast
 33109 | Vaults:3 | XOM: cast spell 'Summon Ice Beast'
 33233 | Vaults:3 | XOM: confuse monster(s)
 33324 | Vaults:3 | XOM: polymorph tengu reaver -> fire giant
 33455 | Vaults:3 | XOM: noise
 33474 | Vaults:3 | Reached skill level 12 in Armour
 33659 | Vaults:3 | XOM: give mutations
 33659 | Vaults:3 | Gained mutation: You have sharp toenails. [Xom's mischief]
 33659 | Vaults:3 | Lost mutation: You have sharp toenails. [Xom's mischief]
 33659 | Vaults:3 | Lost mutation: You have a somewhat thin skeletal structure. (Dex +2, Stealth) [Xom's mischief]
 33659 | Vaults:3 | Lost mutation: You are very weak. (Str -4) [Xom's mischief]
 33800 | Vaults:3 | Noticed Xtahua
 33803 | Vaults:3 | oh come on
 33818 | Vaults:3 | Found Dedin's Antique Weapon Shoppe.
 33961 | Vaults:3 | XOM: harmless Air miscast
 34002 | Vaults:3 | XOM: blink monster(s)
 34019 | Vaults:3 | Noticed Jory
 34054 | Vaults:3 | Killed Jory
 34190 | Vaults:3 | XOM: fog
 34216 | Vaults:3 | XOM: 1-stop teleportation journey
 34249 | Vaults:3 | Reached skill level 13 in Armour
 34384 | Vaults:3 | XOM: god gift: hand axe {god gift}
 34432 | Vaults:3 | XOM: divination: detect items
 34434 | Vaults:3 | XOM: blink monster(s)
 34444 | Vaults:3 | XOM: fog
 34793 | Vaults:4 | Reached XP level 20. HP: 141/202 MP: 14/19
 34813 | Vaults:4 | XOM: summons 5 friendly demons
 34828 | Vaults:4 | XOM: summons friendly ufetubus
 34854 | Vaults:4 | XOM: 2-stop teleportation journey
 34914 | Vaults:4 | XOM: summons 7 friendly demons
 34915 | Vaults:4 | XOM: enchant monster (bad)
 34917 | Vaults:4 | XOM: cast spell 'Dispersal'
 34919 | Vaults:4 | XOM: confuse monster(s)
 35015 | Vaults:4 | XOM: scenery: create altars
 35142 | Vaults:4 | XOM: cast spell 'Summon Small Mammal'
 35235 | Vaults:4 | XOM: divination: magic mapping
 35292 | Vaults:4 | XOM: confusion (+ monsters)
 35293 | Vaults:4 | XOM: confuse monster(s)
 35346 | Vaults:4 | Reached skill level 15 in Shields
 35395 | Vaults:4 | XOM: cast spell 'Statue Form'
 35409 | Vaults:4 | XOM: god gift: scroll labeled YHUITR IRGHENECI {god gift}
 35447 | Vaults:4 | XOM: 7-stop teleportation journey
 35454 | Vaults:4 | XOM: smoke on damage
 35458 | Vaults:4 | HP: 16/262 [Ice Fiend/bolt of cold[a lich] (18)]
 35462 | Vaults:4 | that was close
 35469 | Vaults:4 | XOM: give mutation
 35469 | Vaults:4 | Gained mutation: Your flesh is cold resistant. (rC+) [Xom's grace]
 35690 | Vaults:4 | XOM: mild Hex miscast
 35707 | Vaults:4 | XOM: potion effect (brilliance)
 35877 | Vaults:4 | XOM: swap monsters
 36274 | Vaults:4 | Found an ancient bone altar of Kikubaaqudgha.
 36275 | Vaults:4 | XOM: give mutations
 36275 | Vaults:4 | Lost mutation: You are weak. (Str -2) [Xom's mischief]
 36275 | Vaults:4 | Lost mutation: You have a pair of small horns on your head. [Xom's mischief]
 36275 | Vaults:4 | Gained mutation: You are weak. (Str -2) [Xom's mischief]
 36471 | Vaults:4 | time for the old song and dance
 36471 | Vaults:4 | aka: can i survive the vault party fireworks?
 36472 | Vaults:5 | Entered Level 5 of the Vaults
 36494 | Vaults:4 | i wasn't ready
 36494 | Vaults:4 | didn't quaff haste beforehand
 36494 | Vaults:4 | silly me
 36501 | Vaults:4 | XOM: give mutations
 36501 | Vaults:4 | Lost mutation: You are weak. (Str -2) [Xom's mischief]
 36501 | Vaults:4 | Lost mutation: Your body sometimes deteriorates upon taking damage. [Xom's mischief]
 36501 | Vaults:4 | Gained mutation: Armour fits poorly on your strangely shaped body. [Xom's mischief]
 36501 | Vaults:4 | Lost mutation: You are dopey. (Int -2) [Xom's mischief]
 36547 | Vaults:4 | XOM: god gift: ring mail {god gift}
 36658 | Vaults:5 | Noticed Bai Suzhen
 36665 | Vaults:5 | oh fuck offf
 36666 | Vaults:5 | XOM: divination: detect creatures
 36671 | Vaults:4 | XOM: confuse monster(s)
 36675 | Vaults:4 | Reached skill level 14 in Armour
 36941 | D:14     | XOM: stat loss: -1 Str (27/28)
 36968 | D:15     | XOM: scenery: create altars
 36976 | Depths:1 | Entered Level 1 of the Depths
 37050 | Depths:1 | XOM: scenery: create altars
 37053 | Depths:1 | XOM: divination: detect items
 37077 | Depths:1 | HP: 20/202 [deep troll (17)]
 37101 | Depths:1 | XOM: cleaving
 37355 | Depths:1 | XOM: enchant monster (bad)
 37681 | Depths:1 | Found Kisaacarch's Gadget Boutique.
 37682 | Depths:1 | Found Unlaix's Jewellery Emporium.
 37683 | Depths:1 | Found Ahean's Gadget Boutique.
 37686 | Depths:1 | XOM: god gift: scale mail {god gift}
 37695 | Depths:1 | Bought the ring of Xotedupp {Ice Str-3 Slay+6 SInv} for 1322 gold pieces
 37749 | Depths:1 | Reached XP level 21. HP: 183/210 MP: 17/20
 37775 | Depths:1 | Found a gateway to Hell.
 37800 | Depths:1 | Found a one-way gate leading to the halls of Pandemonium.
 37912 | Depths:1 | Reached skill level 15 in Armour
 38353 | Lair:5   | XOM: polymorph oklob plant -> oklob plant
 38356 | Lair:5   | XOM: mild Pois miscast
 38368 | Lair:5   | XOM: divination: magic mapping
 38993 | Vaults:5 | Noticed an ancient lich
 39002 | Vaults:4 | XOM: cast spell 'Olgreb's Toxic Radiance'
 39011 | Vaults:4 | XOM: confuse monster(s)
 39025 | Vaults:4 | Killed Bai Suzhen
 39139 | Vaults:4 | XOM: harmless Conj miscast
 39196 | Vaults:5 | XOM: summons friendly iron imp
 39208 | Vaults:4 | XOM: silly message
 39251 | Vaults:5 | XOM: summons 16 friendly demons
 39252 | Vaults:5 | XOM: cleaving
 39261 | Vaults:4 | XOM: fake destruction
 39266 | Vaults:4 | Killed an ancient lich
 39327 | Vaults:5 | XOM: smoke on damage
 39346 | Vaults:5 | HP: 6/210 [shadow dragon/bolt of negative energy (48)]
 39351 | Vaults:5 | Killed from afar by a titan

Vanquished Creatures
  An ancient lich (Vaults:4)
  Mara (Vaults:2)
  Saint Roka (Snake:4)
  Bai Suzhen (Vaults:4)
  Jory (Vaults:3)
  Jorgrun (Snake:4)
  2 tentacled monstrosities
  2 liches (Vaults:4)
  A shadow dragon (Vaults:5)
  A sphinx (Vaults:4)
  A tengu reaver (Vaults:3)
  5 thorn hunters
  7 nagarajas (Snake:4)
  2 frost giants (Vaults:4)
  6 vault wardens
  5 fire giants
  Louise (Swamp:2)
  10 ironheart preservers
  Aizul (Snake:2)
  3 very ugly things
  6 stone giants
  An entropy weaver (Vaults:4)
  A deep elf annihilator (Vaults:4)
  Nessos (D:14)
  2 dire elephants (Lair:6)
  A dire elephant (shapeshifter) (Vaults:4)
  Azrael (D:14)
  3 jiangshi (Depths:1)
  2 deep elf death magi (Vaults:4)
  4 fire dragons
  The ghost of kalagan the Eclecticist, a journeyman DEFE of Qazlal (D:14)
  2 ettins
  A blizzard demon (IceCv)
  Josephine (Swamp:1)
  5 yaktaur captains
  A minotaur (Lab)
  3 great orbs of eyes
  6 ice dragons
  9 naga warriors
  The ghost of w0lly the Carver, a journeyman DsBe of Trog (D:12)
  39 vault guards
  19 hydras
  Erolcha (D:10)
  3 rakshasas
  2 death knights
  A ghost crab (Swamp:1)
  18 two-headed ogres
  8 alligators
  3 catoblepae (Lair:6)
  7 anacondas
  7 ogre magi
  11 centaur warriors
  A dancing weapon (Vaults:5)
  An alligator snapping turtle (Vaults:3)
  3 deep troll earth magi
  A deep troll shaman (Depths:1)
  3 tengu warriors
  A vampire mage (Depths:1)
  19 naga sharpshooters
  4 shock serpents
  A deep elf knight (Vaults:4)
  3 skeletal warriors
  A shadow wraith (Vaults:2)
  An iron troll (Depths:1)
  2 unseen horrors
  9 deep trolls
  3 wizards
  2 phantasmal warriors
  5 deep elf archers
  10 naga ritualists
  A shambling mangrove (Swamp:4)
  11 swamp dragons
  3 lindwurms
  2 necromancers
  12 ironbrand convokers
  A harpy (Vaults:2)
  5 deep elf magi
  10 orc knights
  6 oklob plants (Lair:5)
  12 mana vipers
  4 cyclopes
  9 salamanders
  3 manticores
  32 ugly things
  A cyclops (shapeshifter) (Vaults:4)
  3 wolf spiders
  A human zombie (Vaults:1)
  16 vault sentinels
  27 naga magi
  25 black mambas
  2 guardian serpents
  3 centaur zombies
  6 centaur skeletons
  4 gargoyles (Lab)
  9 torpor snails
  19 spiny frogs
  5 rime drakes
  13 yaktaurs
  A yaktaur zombie (Vaults:4)
  5 komodo dragons
  4 ice devils (IceCv)
  3 anaconda simulacra (IceCv)
  12 freezing wraiths
  7 trolls
  5 polar bears
  A meliai (Lair:3)
  A queen bee (shapeshifter) (Lair:2)
  19 hornets
  2 wind drakes (shapeshifter)
  6 bog bodies
  A human simulacrum (Vaults:3)
  7 tyrant leeches
  A slime creature (shapeshifter) (Swamp:1)
  Prince Ribbit (Lair:2)
  A minotaur skeleton (Lab)
  23 slime creatures
  11 hippogriffs
  21 blink frogs
  2 ettin zombies
  7 dream sheep
  A redback (Vaults:4)
  A spriggan (shapeshifter) (Vaults:5)
  4 spriggans
  3 shadows
  A dire elephant simulacrum (IceCv)
  9 wyverns
  20 yaks
  A fire bat (shapeshifter) (Swamp:2)
  2 fire elementals (D:14)
  7 wraiths
  4 basilisks
  31 vampire mosquitoes
  9 hungry ghosts
  Menkaure (D:7)
  A yaktaur simulacrum (Vaults:4)
  A soldier ant (D:12)
  20 swamp worms
  3 harpy simulacra (IceCv)
  2 iron troll simulacra (IceCv)
  50 nagas
  A warg (Vaults:2)
  4 hydra simulacra (IceCv)
  17 insubstantial wisps
  8 porcupines
  18 water moccasins
  2 hell hounds (D:14)
  8 black bears
  An ice beast (D:9)
  13 swamp drakes
  3 sky beasts
  20 orc warriors
  An orc zombie (Vaults:1)
  5 boggarts
  2 ettin simulacra (IceCv)
  20 ogres
  An ogre (shapeshifter) (D:14)
  A necrophage (D:9)
  19 wolves
  2 eyes of draining
  25 centaurs
  7 crocodiles
  A big kobold (D:13)
  16 bullfrogs
  A wyvern skeleton (D:12)
  7 killer bees (D:7)
  An elephant simulacrum (IceCv)
  4 scorpions
  An orc simulacrum (Vaults:1)
  A spriggan skeleton (Lab)
  3 howler monkeys
  4 crimson imps
  3 draconian simulacra (IceCv)
  9 hounds
  2 jellies
  A bullfrog zombie (D:8)
  5 orc priests
  3 bullfrog skeletons
  An iron imp (IceCv)
  12 orc wizards
  Jessica (D:3)
  An iguana (D:14)
  6 worker ants
  A troll simulacrum (IceCv)
  A hound skeleton (D:5)
  A worker ant zombie (D:7)
  16 gnolls
  12 adders
  2 ogre simulacra (IceCv)
  2 naga simulacra (IceCv)
  A shadow imp (D:15)
  4 white imps
  4 ufetubi (IceCv)
  An ooze (D:1)
  3 adder skeletons
  6 worms
  2 dart slugs
  4 leopard geckos
  47 orcs
  8 bats
  2 giant cockroaches
  2 gnoll zombies (D:5)
  13 goblins
  6 hobgoblins
  8 jackals
  25 kobolds
  3 quokkas
  2 ball pythons
  5 frilled lizards
  A jackal zombie (D:5)
  A leopard gecko skeleton (D:4)
  11 rats
  A briar patch (Swamp:2)
  2 fungi
  4 plants
1313 creatures vanquished.

Vanquished Creatures (collateral kills)
  the Lernaean hydra (Swamp:4)
  An orc warlord (Bailey)
  An ironheart preserver (Vaults:4)
  An ettin (Vaults:4)
  A hydra (Swamp:4)
  3 two-headed ogres (Vaults:4)
  A naga sharpshooter (Snake:3)
  2 ironbrand convokers (Vaults:4)
  An orc knight (Vaults:4)
  A vault sentinel (Vaults:4)
  A yaktaur (Vaults:4)
  A freezing wraith (Vaults:5)
  2 blink frogs (Lair:1)
  A slime creature (D:13)
  A dream sheep (Lair:6)
  An orc warrior (Vaults:4)
  An ogre (D:4)
  A scorpion (D:4)
  2 orcs (D:4)
24 creatures vanquished.

Vanquished Creatures (others)
  A blizzard demon (IceCv)
  2 dancing weapons
  A shadow wraith (Vaults:4)
  A black mamba (Snake:3)
  A komodo dragon (Lair:2)
  A blink frog (Lair:2)
  A slime creature (Swamp:2)
  A yak (D:14)
  A swamp worm (Swamp:1)
  2 wolves (Lair:2)
  A wyvern skeleton (D:14)
  A polar bear simulacrum (IceCv)
  A white imp (IceCv)
  2 ufetubi (IceCv)
  An orc (Snake:4)
  4 briar patches
  A bush (Lair:2)
  10 fungi
  42 plants
75 creatures vanquished.

Grand Total: 1412 creatures vanquished
